 Dungeon Crawl Stone Soup version 0.26.0-16-gc1dbca0489 (webtiles) character file.

Game seed: 16376692915994363965

1198 littlecub the Skirmisher (level 8, 0/64 HPs)
             Began as a Demonspawn Fighter on Jan 19, 2021.
             Was a Follower of Okawaru.
             Succumbed to an orc's poison
             ... on level 7 of the Dungeon.
             The game lasted 00:13:24 (8090 turns).

littlecub the Skirmisher (Demonspawn Fighter)       Turns: 8090, Time: 00:13:24

Health: 0/64       AC: 15    Str: 19    XL:     8   Next: 20%
Magic:  9/9        EV:  5    Int:  9    God:    Okawaru [*.....]
Gold:   509        SH:  9    Dex: 13    Spells: 7/7 levels left

rFire    . . .     SeeInvis .   g - +0 whip
rCold    + . .     Faith    .   c - +0 kite shield
rNeg     . . .     Spirit   .   y - +0 chain mail
rPois    .         Reflect  .   m - +1 hat
rElec    .         Harm     .   (no cloak)
rCorr    .         Rampage  .   q - +0 pair of gloves
Will     .....                  u - +0 pair of boots
Stlth    ..........             (no amulet)
HPRegen  0.20/turn              f - ring of protection from cold
MPRegen  0.11/turn              (no ring)

@: brilliant, lethally poisoned (0 -> -13)
A: antennae 1, yellow scales 1, miasma immunity
a: Renounce Religion, Heroism


You were on level 7 of the Dungeon.
You worshipped Okawaru.
Okawaru was aware of your devotion.
You visited 2 branches of the dungeon, and saw 8 of its levels.

You collected 509 gold pieces.

Inventory:

Hand Weapons
 g - a +0 whip (weapon)
Missiles
 l - 2 javelins (quivered)
Armour
 c - a +0 kite shield (worn)
 m - a +1 hat (worn)
 q - a +0 pair of gloves (worn)
 u - a +0 pair of boots (worn)
 y - a +0 chain mail (worn)
Jewellery
 f - a ring of protection from cold (left hand)
Wands
 w - a wand of flame (15)
 z - a wand of enslavement (7)
Scrolls
 b - a scroll of blinking
 h - 2 scrolls of identify
 j - 2 scrolls of magic mapping
 k - 2 scrolls of immolation
 o - 2 scrolls of remove curse
 s - a scroll of enchant armour
 t - 2 scrolls of teleportation
Potions
 a - a potion of attraction
 d - a potion of degeneration {unknown}
 i - a potion of cancellation
 n - a potion of brilliance
 r - a potion of lignification
 v - a potion of flight {unknown}
 x - a potion of might


   Skills:
 * Level 6.2 Fighting
 * Level 5.4 Maces & Flails
 + Level 4.4 Armour
 + Level 4.4 Shields
 + Level 2.0 Invocations


You had 7 spell levels left.
You didn't know any spells.
Your spell library was empty.

Dungeon Overview and Level Annotations

Branches:
Dungeon (7/15)             Temple (1/1) D:4

Altars:
Ashenzari
Cheibriados
Dithmenos
Elyvilon
Fedhas
Gozag
Hepliaklqana
Kikubaaqudgha
Makhleb
Nemelex Xobeh
Okawaru
Qazlal
Ru
Sif Muna
Trog
Uskayaw
Vehumet
Wu Jian
Xom
Yredelemnul
Zin
The Shining One

Shops:
D:5 }

Annotations:
D:7 Maggie


Innate Abilities, Weirdness & Mutations

You have a pair of small antennae on your head.
You are partially covered in yellow scales. (AC +2)
You are immune to miasma.


Message History

The ice beast hits you but does no damage.
It was a potion of attraction.
You feel attractive to monsters.
* * * LOW HITPOINT WARNING * * *
You feel sick.
The ice beast hits you but does no damage.
It was a potion of cancellation.
Your magical effects are unravelling.
You feel magically purged.
You feel less wooden.
Your +1 hat unmelds from your body.
Your +0 pair of gloves unmelds from your body.
Your +0 pair of boots unmelds from your body.
Your +0 chain mail unmelds from your body.
* * * LOW HITPOINT WARNING * * *
You feel sick. The ice beast barely misses you.
You feel less attractive to monsters.
It was a potion of brilliance.
You feel clever all of a sudden.
You die...

...................# ♣...≈≈≈
.#...#...#.........# ♣♣..≈≈≈≈
##.###.####......)# ♣...≈≈_≈
#≈≈ #≈≈≈ #.).....# ♣♣..≈≈≈≈
≈.≈ ≈.≈≈≈ #.......# ♣...≈≈≈
≈≈ ≈≈≈≈≈≈ #.......# ♣♣.....
≈≈≈≈ #(......# ♣♣....
#Yo.....# ♣♣... #@......#
♣♣.... #......[# ♣♣.....
#..†....###♣...≈≈≈
#..........#..≈≈≈≈
#......###.#..≈≈♣≈
##.....###.#..≈≈≈≈
#...##.##.>....≈≈≈ #########
##...##.....##.....
#.....#.###.....#.....###....


You could see an ice beast and an orc (strong).

Vanquished Creatures
  Sigmund (D:4)
  Eustachio (D:4)
  An ogre (D:6)
  2 centaurs
  A bullfrog (D:6)
  2 scorpions
  3 bullfrog skeletons
  Jessica (D:2)
  2 orc wizards
  5 worker ants
  A worker ant zombie (D:4)
  3 gnolls (D:7)
  8 adders
  An ufetubus (D:7)
  An ooze (D:2)
  3 worms
  A dart slug (D:1)
  A leopard gecko (D:7)
  10 orcs
  5 giant cockroaches
  6 goblins (D:3)
  5 hobgoblins
  6 jackals
  A quokka (D:7)
  9 bats
  3 frilled lizards
  7 kobolds
  2 quokka skeletons
  8 rats
100 creatures vanquished.

Vanquished Creatures (others)
  An ufetubus (D:7)
  13 plants (D:7)
14 creatures vanquished.

Grand Total: 114 creatures vanquished

Notes
Turn   | Place    | Note
-------+----------+-------------------------------------------
     0 | D:1      | littlecub the Demonspawn Fighter began the quest for the
                  | Orb.
     0 | D:1      | Reached XP level 1. HP: 18/18 MP: 1/1
   505 | D:1      | Gained mutation: You are partially covered in yellow
                  | scales. (AC +2) [demonic ancestry]
   505 | D:1      | Reached XP level 2. HP: 23/24 MP: 2/2
  1327 | D:2      | Noticed a scorpion
  1336 | D:2      | Killed a scorpion
  1337 | D:2      | Reached XP level 3. HP: 15/30 MP: 3/3
  1337 | D:2      | Reached XP level 4. HP: 18/37 MP: 4/4
  1889 | D:2      | You fall into a shaft and drop 1 floor!
  1987 | D:4      | Noticed Eustachio
  1995 | D:5      | Entered Level 5 of the Dungeon
  2110 | D:5      | Noticed a centaur
  2129 | D:5      | Killed a centaur
  2130 | D:5      | Reached skill level 4 in Fighting
  2130 | D:5      | Gained mutation: You are immune to miasma. [demonic
                  | ancestry]
  2130 | D:5      | Reached XP level 5. HP: 9/42 MP: 5/5
  2417 | D:5      | Found Inlyrghats's Gadget Shoppe.
  2582 | D:4      | Found a staircase to the Ecumenical Temple.
  2590 | Temple   | Entered the Ecumenical Temple
  2625 | Temple   | Became a worshipper of Warmaster Okawaru
  2769 | D:4      | Got a faintly glowing dagger
  2779 | D:4      | Identified the cursed +3 dagger of Pain and Death {vorpal,
                  | *Corrode rN++} (You found it on level 4 of the Dungeon)
  2928 | D:4      | Killed Eustachio
  2929 | D:4      | Gained mutation: You have a pair of small antennae on your
                  | head. [demonic ancestry]
  2929 | D:4      | Reached XP level 6. HP: 43/50 MP: 6/6
  3186 | D:3      | Found an opulent altar of Gozag.
  3642 | D:2      | Reached skill level 5 in Fighting
  3835 | D:2      | Noticed Jessica
  3840 | D:2      | Killed Jessica
  5047 | D:4      | Reached XP level 7. HP: 56/56 MP: 7/7
  5270 | D:4      | Noticed Sigmund
  5323 | D:4      | Killed Sigmund
  5719 | D:6      | Found a blossoming altar of Fedhas.
  5831 | D:6      | Reached * piety under Okawaru
  6256 | D:6      | Reached skill level 5 in Maces & Flails
  6335 | D:6      | Reached skill level 1 in Invocations
  6569 | D:6      | Reached skill level 6 in Fighting
  6994 | D:6      | Found a hide-covered altar of Uskayaw.
  7116 | D:7      | Reached XP level 8. HP: 49/64 MP: 7/9
  7445 | D:7      | Found a white marble altar of Elyvilon.
  7480 | D:7      | Noticed Maggie
  8087 | D:7      | HP: 4/96 [poisoned by an orc]
  8089 | D:7      | HP: 1/64 [poisoned by an orc]
  8090 | D:7      | Succumbed to an orc's poison

Illustrated notes

Levels and vault maps discovered:
D:1:      dpeg_arrival_refuge, layout_loops_corners, serial_co_window_serial,
          co_window_corner_a, co_window_paths_b, co_window_paths_b,
          co_window_paths_b, co_window_paths_b, co_window_unsneaky_path_d,
          co_window_of_opportunity_b, co_window_corner_b, co_window_corner_b,
          co_window_corner_b, co_window_2corner, glass_columns_a
D:2:      layout_loops_ring, mrwooster_statue_mirror, uniq_jessica
D:3:      minmay_recursive_quarters, layout_basic,
          nicolae_overflow_crystal_walls
D:4:      layout_gridville, minmay_temple_entry_mini_moons, uniq_eustachio,
          uniq_sigmund
D:5:      layout_basic, serial_shops, shop
D:6:      layout_basic, minitemple
D:7:      wad_lake_hut, layout_cave_pools, elyvilon_altar_3,
          david_defended_altar_orc, uniq_maggie
Temple:   compressed_dpeg_circular_temple

Skill      XL: |  1  2  3  4  5  6  7  8 |
---------------+-------------------------+-----
Maces & Flails | 2 3 4 5 |  5.4
Armour         | 3 4 |  4.4
Shields        | 3 4 |  4.4
Fighting       | 4 5 6 |  6.2
Invocations    | 1 2 |  2.0

Action                   |  1- 3 |  4- 6 |  7- 9 || total
-------------------------+-------+-------+-------++-------
Melee: Whip              |    56 |   114 |    71 ||   241
       Flail             |     5 |       |       ||     5
       Dagger            |       |   164 |   207 ||   371
  Use: Potion            |     2 |     3 |     8 ||    13
       Scroll            |       |     6 |     4 ||    10
Armor: Scale mail        |    30 |   114 |   108 ||   252
       Chain mail        |       |       |    48 ||    48
       Skin              |       |       |     2 ||     2
Dodge: Dodged            |    13 |    75 |    87 ||   175
Block: Kite shield       |    23 |   122 |   144 ||   289
